Kradschützen Motorcycle Team
Selects Battlefield Espionage Battlegroup
Selects Sector Subterfuge Beacon
Construct Light Support Kompanie
Selects 250/3 Funkpanzerwagen
Construct Panzerarmee Kommand
Selects Anti-Tank Incendiary Munitions
Pak 38 Anti-tank Gun Team
Selects Disruption Operation
Selects Operation Skorpion